 Dungeon Crawl Stone Soup version 0.29-a0-350-g7790a0e70a (webtiles) character file.

Game seed: 8593316506733587619

2 runemasterragnar the Sneak (level 1, 0/18 HPs)
             Began as a Demonspawn Delver on Apr 22, 2022.
             Succumbed to an adder's poison
             ... on level 5 of the Dungeon.
             The game lasted 00:00:49 (359 turns).

runemasterragnar the Sneak (Demonspawn Delver)       Turns: 359, Time: 00:00:49

Health: 0/18       AC:  3    Str: 12    XL:     1   Next: 25%
Magic:  1/1        EV: 11    Int: 11    God:
Gold:   49         SH:  0    Dex: 14    Spells: 0/0 levels left

rFire   . . .      SeeInvis .   a - +0 falchion
rCold   . . .      Faith    .   (no shield)
rNeg    . . .      Spirit   .   b - +0 leather armour
rPois   .          Reflect  .   (no helmet)
rElec   .          Harm     .   (no cloak)
rCorr   .          Rampage  .   (no gloves)
Will    .....                   (no boots)
Stlth   ++........              (no amulet)
HPRegen 0.06/turn               (no ring)
MPRegen 0.07/turn               (no ring)

@: lethally poisoned (0 -> -3)
A: no striking features
a: no special abilities


You were on level 5 of the Dungeon.
You visited 1 branch of the dungeon, and saw 2 of its levels.

You collected 49 gold pieces.

Inventory:

Hand Weapons
 a - a +0 falchion (weapon)
Armour
 b - a +0 leather armour (worn)
Wands
 g - a wand of digging (3)
Scrolls
 c - a scroll of fog
 d - a scroll of magic mapping
 e - a scroll of fear
Potions
 f - a potion of haste


   Skills:
 + Level 3.0 Fighting
 * Level 1.8 Long Blades
 + Level 1.8 Dodging
 - Level 4.5 Stealth


You couldn't memorise any spells.
You didn't know any spells.
Your spell library was empty.

Dungeon Overview and Level Annotations

Branches:
Dungeon (5/15)
 Temple: D:4-7

Altars:

Annotations:
D:4 Duvessa
D:5 Sigmund


Message History

The adder hisses angrily.
The adder bites you. x2
You barely miss the adder. The adder misses you.
You hit the adder but do no damage. The adder bites you but does no damage.
The adder bites you.
You are poisoned.
The adder poisons you!
You hit the adder.
The adder is moderately wounded.
You feel sick. The adder closely misses you. The adder barely misses you.
You closely miss the adder.
The adder is moderately wounded.
You feel sick. The adder closely misses you.
You closely miss the adder.
The adder is moderately wounded.
You feel sick. The adder closely misses you.
The adder bites you but does no damage.
You barely miss the adder.
The adder is moderately wounded.
You feel sick. The adder bites you.
* * * LOW HITPOINT WARNING * * *
You closely miss the adder.
The adder is moderately wounded.
You feel sick.
You are no longer poisoned.
The adder closely misses you. The adder barely misses you.
You closely miss the adder.
The adder is moderately wounded.
The adder bites you.
* * * LOW HITPOINT WARNING * * *
You are lethally poisoned!
The adder poisons you! The adder bites you but does no damage.
Okay, then.
You hit the adder.
The adder is severely wounded.
* * * LOW HITPOINT WARNING * * *
You feel sick. The adder closely misses you.
You hit the adder but do no damage.
The adder is severely wounded.
You die...

#..# ##.## #
#..##############..#
###........<........##
....................#
####.#############.##
#..# ##.# #..# ##..##
##.. #....# ... #@...#
.... #S....# .....
#...#...# #....#...#
.....##...# ...<.#
#....# ...... ......
###### ####


You could see an adder.

Vanquished Creatures
  An orc (D:5)
1 creature vanquished.

Notes
Turn   | Place    | Note
-------+----------+-------------------------------------------
     0 | D:5      | runemasterragnar the Demonspawn Delver began the quest for
                  | the Orb.
     0 | D:5      | Reached XP level 1. HP: 18/18 MP: 1/1
    44 | D:5      | Noticed Sigmund
   254 | D:5      | Noticed a bullfrog
   310 | D:4      | Noticed Duvessa
   359 | D:5      | Succumbed to an adder's poison

Illustrated notes

Levels and vault maps discovered:
D:4:      layout_gridville, uniq_duvessa, uniq_crazy_yiuf_cottage
D:5:      layout_cave_pods, trog_hazing_becter, serial_shops, shop,
          fountainhead, chequers_decorated_corner,
          nicolae_concentric_dashed_squares_mild, uniq_sigmund

Action                   || total
-------------------------++-------
Melee: Falchion          ||    19
Armor: Leather armour    ||     7
Dodge: Dodged            ||    12

Table legend: (Time is in decaauts)
 A = Elapsed time spent in this place.
 B = Non-inter-level travel time spent in this place.
 C = Inter-level travel time spent in this place.
 D = Time resting spent in this place.
 E = Time spent auto-exploring this place.
 F = Levels seen in this place.
 G = Mean time per level.
                   A        B        C        D        E       F      G
               +--------+--------+--------+--------+--------+-----+--------+
         Total |    363 |    363 |      0 |      0 |    235 |   2 |  181.5 |
       Dungeon |    363 |    363 |      0 |      0 |    235 |   2 |  181.5 |
               +--------+--------+--------+--------+--------+-----+--------+

Top non-repeatable levels by time:
     D:5: 330 daAuts
     D:4: 32 daAuts
